 Dungeon Crawl Stone Soup version 0.30-a0-626-gd6a5dd7a1f (webtiles) character file.

Game seed: 9181851329882318788

127 Leeroy the Slasher (level 5, 0/57 HPs)
             Began as a Merfolk Gladiator on Jan 11, 2023.
             Succumbed to a scorpion's poison
             ... on level 3 of the Dungeon.
             The game lasted 00:03:05 (2515 turns).

Leeroy the Slasher (Merfolk Gladiator)              Turns: 2515, Time: 00:03:06

Health: 0/57       AC: 22    Str: 15    XL:     5   Next: 11%
Magic:  5/5        EV:  2    Int:  7    God:
Gold:   111        SH:  0    Dex: 17    Spells: 4/4 levels left

rFire   . . .      SeeInvis .    a - +0 long sword
rCold   . . .      Faith    .    (no shield)
rNeg    . . .      Spirit   .    (body armour currently unavailable)
rPois   +          Reflect  .    (helmet currently unavailable)
rElec   .          Harm     .    (cloak currently unavailable)
rCorr   .          Rampage  .    (gloves currently unavailable)
Will    .....      NoTele   +    (boots currently unavailable)
Stlth   ++                       (no amulet)
HPRegen 0.29/turn                (no ring)
MPRegen 0.09/turn                (no ring)

@: mighty, brilliant, lethally poisoned (0 -> -3), tree-form, attractive,
hasted, very quick
A: stationary, stasis, torment immunity, boosted hp, (nimble swimmer 2),
(mertail)
a: no special abilities


You were on level 3 of the Dungeon.
You were a tree.
You visited 1 branch of the dungeon, and saw 4 of its levels.

You collected 111 gold pieces.

Inventory:

Hand Weapons
 a - a +0 long sword (weapon)
 h - a +0 rapier
Missiles
 d - 3 throwing nets (quivered)
 e - 7 javelins
 n - 3 poisoned darts
Armour
 b - a +0 leather armour (melded)
 c - a +0 helmet (melded)
 l - a +0 pair of gloves (melded)
Scrolls
 k - a scroll of blinking {unknown}
 m - 2 scrolls of identify {unknown}
 o - 2 scrolls of teleportation {unknown}
 p - a scroll of torment {unknown}
 t - a scroll of vulnerability {unknown}
Potions
 r - a potion of lignification
 s - a potion of flight {unknown}


   Skills:
 - Level 2.1 Fighting
 * Level 6.8 Long Blades
 - Level 2.0 Throwing
 - Level 4.0 Dodging


You had 4 spell levels left.
You didn't know any spells.
Your spell library contained the following spells:

 Spells                   Type           Power      Damage    Failure   Level
 Necrotise                Necr           0%         1d4       43%         1
 Cigotuvi's Dreadful Rot  Necr/Pois/Air  0%         N/A       56%         2
 Poisonous Vapours        Pois/Air       0%         N/A       56%         2
 Gell's Gravitas          Tloc           0%         N/A       80%         3
 Lesser Beckoning         Tloc           0%         N/A       80%         3
 Mephitic Cloud           Conj/Pois/Air  0%         N/A       80%         3
 Teleport Other           Tloc           0%         N/A       80%         3
 Vampiric Draining        Necr           0%         2d6       80%         3
 Agony                    Necr           0%         N/A       100%        5
 Dispersal                Tloc           0%         N/A       100%        6


Dungeon Overview and Level Annotations

Branches:
Dungeon (4/15)
 Temple: D:4-7

Altars:
Dithmenos
Makhleb
Nemelex Xobeh
Qazlal
Vehumet

Shops:
D:1 [   D:2 *   D:3 :


Innate Abilities, Weirdness & Mutations

You are a tree.
Your roots penetrate the ground, keeping you stationary.
You cannot be teleported.
You are immune to unholy pain and torment.
Your maximum health is greatly increased.
Your equipment is partially melded.
((You are very nimble when in or above water. (Stealth+, EV+, Speed+++)))
((Your lower body shifts to a powerful aquatic tail in water.))


Message History

The scorpion closely misses you.
You barely miss the scorpion.
The scorpion is severely wounded.
The scorpion barely misses you.
You barely miss the scorpion.
The scorpion is severely wounded.
The scorpion stings you.
* * * LOW HITPOINT WARNING * * *
You are lethally poisoned!
The scorpion poisons you!
You feel better. The scorpion stings you.
* * * LOW HITPOINT WARNING * * *
The scorpion stings you.
* * * LOW HITPOINT WARNING * * *
You are lethally poisoned!
The scorpion poisons you!
Okay, then.
It was a potion of lignification.
You turn into a tree.
Your +0 helmet melds into your body.
Your +0 pair of gloves melds into your body.
Your +0 leather armour melds into your body.
Your roots penetrate the ground.
* * * LOW HITPOINT WARNING * * *
You feel sick.
The scorpion stings you but does no damage.
It was a potion of haste.
You feel yourself speed up.
* * * LOW HITPOINT WARNING * * *
You feel sick.
The scorpion stings you but does no damage.
It was a potion of might.
You feel very mighty all of a sudden.
* * * LOW HITPOINT WARNING * * *
You feel sick.
The scorpion stings you but does no damage.
It was a potion of brilliance.
You feel clever all of a sudden. The scorpion barely misses you.
It was a potion of attraction.
You feel attractive to monsters.
You die...

##............##.#.# #...........
####..........##.#.####.....###..
# #..........##.#.........## ###
# ##.........##.#####.....#
##.........##.# #.....#
###...........#.#####.#####
#...###'#####.#.......# ##.###
#.# #....###### ##.#
#.#######♣.############### #..#
#.........s............... ..##
#.......################## .##
#.......# .#
########################## ##
#...(..................
#.##################### #.#
#.......[...... #.#
#.#############


You could see a scorpion.

Vanquished Creatures
  4 gnolls (D:3)
  2 adders
  An adder skeleton (D:3)
  A dart slug (D:3)
  A worm (D:3)
  2 orcs (D:3)
  2 bats (D:1)
  4 endoplasms
  2 giant cockroaches (D:1)
  3 goblins
  7 hobgoblins
  4 jackals (D:3)
  3 quokkas
  6 ball pythons
  A ball python zombie (D:3)
  4 frilled lizards
  7 kobolds
  A quokka skeleton (D:3)
  4 rats
59 creatures vanquished.

Vanquished Creatures (others)
  8 withered plants (D:3)
8 creatures vanquished.

Grand Total: 67 creatures vanquished

Notes
Turn   | Place    | Note
-------+----------+-------------------------------------------
     0 | D:1      | Leeroy the Merfolk Gladiator began the quest for the Orb.
     0 | D:1      | Reached XP level 1. HP: 16/16 MP: 1/1
    33 | D:1      | Found a faded altar of an unknown god.
   103 | D:1      | Reached skill level 4 in Long Blades
   116 | D:1      | Reached XP level 2. HP: 22/22 MP: 2/2
   144 | D:1      | Found Sorasude's Armour Shoppe.
   545 | D:2      | Reached skill level 5 in Long Blades
   545 | D:2      | Reached XP level 3. HP: 27/27 MP: 3/3
   665 | D:2      | Found Letipif's Assorted Antiques.
  1201 | D:3      | Found a sparkling altar of Nemelex Xobeh.
  1203 | D:3      | Noticed a water elemental
  1206 | D:3      | Found a burning altar of Makhleb.
  1207 | D:3      | Noticed an earth elemental
  1208 | D:3      | Found a shadowy altar of Dithmenos.
  1210 | D:3      | Found a stormy altar of Qazlal.
  1212 | D:3      | Noticed a fire elemental
  1212 | D:3      | Noticed an air elemental
  1380 | D:3      | Found Veixokuf's Book Shoppe.
  1597 | D:3      | Reached XP level 4. HP: 31/33 MP: 4/4
  1655 | D:3      | Reached skill level 6 in Long Blades
  1770 | D:3      | Found a radiant altar of Vehumet.
  2264 | D:4      | Noticed a scorpion
  2303 | D:4      | Reached XP level 5. HP: 38/38 MP: 5/5
  2512 | D:3      | HP: 2/57 [poisoned by a scorpion]
  2515 | D:3      | Succumbed to a scorpion's poison

Illustrated notes

Levels and vault maps discovered:
D:1:      minmay_arrival_radiant_lines, layout_rooms, serial_shops,
          nicolae_square_shop, basic_ecumenical_altar, minmay_heptomino_o4
D:2:      layout_loops_ring, serial_shops, nicolae_shop_waterfront
D:3:      layout_basic, nicolae_qazlal_style_of_elements,
          grunt_temple_overflow_open, serial_undead, serial_undead_e,
          serial_undead_b, serial_undead_c, serial_undead_b, serial_shops,
          nicolae_shop_hallway_stairs, st_stairs_11, minmay_misc_feat_cross,
          minmay_misc_feat_four_crosses, roderic_lattice_a
D:4:      layout_cave_pools, serial_shops, nicolae_shop_bloodbath_and_beyond,
          grunt_ministairs_11, uniq_pikel

Skill      XL: |  1  2  3  4 |
---------------+-------------+-----
Long Blades    | 4 5 6 |  6.8
Fighting       | |  2.1
Throwing       | |  2.0
Dodging        | |  4.0

Action                   |  1- 3 |  4- 6 || total
-------------------------+-------+-------++-------
Melee: Long sword        |   124 |    84 ||   208
       Punch             |     1 |     2 ||     3
  Use: Potion            |       |     6 ||     6
 Stab: Sleeping          |     2 |     1 ||     3
Armor: Leather armour    |    38 |    15 ||    53
       Skin              |       |     3 ||     3
Dodge: Dodged            |   102 |    55 ||   157

Table legend: (Time is in decaauts)
 A = Elapsed time spent in this place.
 B = Non-inter-level travel time spent in this place.
 C = Inter-level travel time spent in this place.
 D = Time resting spent in this place.
 E = Time spent auto-exploring this place.
 F = Levels seen in this place.
 G = Mean time per level.
                   A        B        C        D        E       F      G
               +--------+--------+--------+--------+--------+-----+--------+
         Total |   2541 |   2368 |    173 |     94 |   1737 |   4 |  635.2 |
       Dungeon |   2541 |   2368 |    173 |     94 |   1737 |   4 |  635.2 |
               +--------+--------+--------+--------+--------+-----+--------+

Top non-repeatable levels by time:
     D:3: 1296 daAuts
     D:2: 762 daAuts
     D:1: 421 daAuts
     D:4: 61 daAuts
